 Dungeon Sprint DCSS version 0.22-a0-354-g30dfbe6 (webtiles) character file.

16713 Goblin1989 the Formicid Aeon (level 12, -2/106 HPs)
             Began as a Formicid Fighter on Apr 16, 2018.
             Was the Champion of Cheibriados.
             Killed from afar by a black draconian (11 damage)
             ... with a bolt of lightning
             ... in the Dungeon (Sprint V: "Ziggurat Sprint").
             The game lasted 00:12:49 (1056 turns).

Goblin1989 the Formicid Aeon (Formicid Fighter)     Turns: 1056, Time: 00:12:50

Health: -2/106     AC: 24    Str: 53    XL:     12   Next: 73%
Magic:  1/25       EV:  7    Int: 23    God:    Cheibriados [******]
Gold:   0          SH: 37    Dex: 25    Spells: 11/11 levels left

rFire    + . .     SeeInvis +   E - +5 broad axe
rCold    + . .     Gourm    .   w - +18 shield of the Gong {rElec rN+ MR+ EV-5}
rNeg     + . .     Faith    .   C - +9 gold dragon scales
rPois    +         Spirit   .   (helmet unavailable)
rElec    +         Reflect  .   (no cloak)
rCorr    .         Harm     .   (no gloves)
MR       ++...                  (no boots)
Stlth    ..........             (no amulet)
HPRegen  0.27/turn              L - +6 ring of strength
MPRegen  0.19/turn              M - +6 ring of strength

@: corroded, very slow
A: permanent stasis, dig shafts and tunnels, four strong arms, antennae 3
a: Dig, Bend Time, Temporal Distortion, Slouch, Step From Time, Renounce
Religion


You were in the Dungeon.
You worshipped Cheibriados.
Cheibriados was exalted by your worship.
You were not hungry.

You visited 1 branch

Inventory:

Hand Weapons
 n - the +7 longbow "Piercer" {penet, EV-2}
   (You found it in the Dungeon)

   Ammo fired by it will pass through the targets it hits, potentially hitting
   all targets in its path until it reaches maximum range.
   It affects your evasion (-2).
 o - the +4 flail "Tehufe" {venom, rPois rF+ Dex+4}
   (You found it in the Dungeon)

   It poisons the flesh of those it strikes.
   It affects your dexterity (+4).
   It protects you from fire.
   It protects you from poison.
 r - the cursed +2 arbalest of the Brain {venom, rElec rPois Str-2 Dex-5}
   (You found it in the Dungeon)

   It poisons the ammo it fires.
   It affects your strength (-2).
   It affects your dexterity (-5).
   It insulates you from electricity.
   It protects you from poison.
   It has a curse placed upon it.
 t - the +8 lance "Wyrmbane" {slay drac, rPois rF+ rC+ AC+3}
   (You found it in the Dungeon)

   It affects your AC (+3).
   It protects you from fire.
   It protects you from cold.
   It protects you from poison.
 y - the +5 broad axe of the Vanishing Beds {chop, Int+2 Dex+2}
   (You found it in the Dungeon)

   It inflicts extra damage upon your enemies.
   It affects your intelligence (+2).
   It affects your dexterity (+2).
 z - the +9 heavy crossbow "Sniper" {velocity, Acc+∞ SInv}
   (You found it in the Dungeon)

   Any bolt fired from it inflicts extra damage.
   It lets you see invisible.
 B - the +6 Majin-Bo {vamp, Archmagi MP+6 Int+6}
   (You found it in the Dungeon)

   It inflicts no extra harm, but heals its wielder when it wounds a living foe.
   It affects your intelligence (+6).
   It affects your magic capacity (+6).
 D - a +5 battleaxe
 E - a +5 broad axe (weapon)
 F - a +5 executioner's axe
 N - the +9 hand crossbow "Feashaqu" {flame, rPois Str+3}
   (You found it in the Dungeon)

   It causes projectiles fired from it to burn those they strike, causing extra
   injury to most foes and up to half again as much damage against particularly
   susceptible opponents.
   It affects your strength (+3).
   It protects you from poison.
 O - the +11 long sword "Goblin1989's Doom" {drain, *Corrode Str+8 Int-2}
   (You found it in the Dungeon)

   A truly terrible weapon, it drains the life of those it strikes.
   It affects your strength (+8).
   It affects your intelligence (-2).
   It may corrode you when you take damage.
Missiles
 G - 1005 arrows
 H - 1000 bolts
 Z - 1000 sling bullets
Armour
 q - the cursed +1 leather armour "Zaad Ipsi" {*Drain +Fly rF+++ Int-5}
   (You found it in the Dungeon)

   It affects your intelligence (-5).
   It renders you almost immune to fire.
   It lets you fly.
   It causes draining when unequipped.
   It has a curse placed upon it.
 w - the +18 shield of the Gong (worn) {rElec rN+ MR+ EV-5}
   (You found it in the Dungeon)

   It affects your evasion (-5).
   It insulates you from electricity.
   It protects you from negative energy.
   It affects your resistance to hostile enchantments.
 x - the +15 Maxwell's patent armour {-Cast -Tele rElec MR+ rCorr}
   (You found it in the Dungeon)

   It insulates you from electricity.
   It affects your resistance to hostile enchantments.
   It prevents spellcasting.
   It prevents most forms of teleportation.
   It protects you from acid and corrosion.
 C - +9 gold dragon scales (worn)
Magical Staves
 l - an uncursed staff of wizardry {!a}
Jewellery
 f - an uncursed ring of protection from fire
 s - the ring of the Heron {Wiz +Fly rF+++ Int+3}
   (You found it in the Dungeon)

   [ring of wizardry]

   It improves your spell success rate.
   It affects your intelligence (+3).
   It renders you almost immune to fire.
   It lets you fly.
 L - a +6 ring of strength (left hand)
 M - a +6 ring of strength (right hand)
 P - a +6 ring of dexterity
 Q - a +6 ring of dexterity
Wands
 A - a wand of acid (7)
 I - a wand of iceblast (7)
Scrolls
 m - a scroll of brand weapon
 J - 7 scrolls of fog
 K - 2 scrolls of holy word
 R - 5 scrolls of identify {@r1}
 S - 5 scrolls of remove curse {@r2}
 T - 2 scrolls of fear
Potions
 d - 3 potions of might
 g - 4 potions of heal wounds {@q2, !q}
 i - 7 potions of magic
 u - 10 potions of curing {@q1}
 U - 2 potions of brilliance
 V - 2 potions of invisibility
 W - 4 potions of resistance
 Y - 3 potions of agility
Miscellaneous
 p - a box of beasts
 v - a phial of floods
 X - a lamp of fire
Comestibles
 e - 7 rations


   Skills:
 + Level 13.7 Fighting
 + Level 12.7 Axes
 + Level 14.3 Armour
 - Level 3.6 Dodging
 + Level 15.5 Shields
 * Level 19.5 Invocations


You had 11 spell levels left.
You didn't know any spells.

Dungeon Overview and Level Annotations

Branches:
Dungeon (1/1)

Altars:
Ashenzari
Cheibriados
Dithmenos
Elyvilon
Fedhas
Gozag
Hepliaklqana
Kikubaaqudgha
Makhleb
Nemelex Xobeh
Okawaru
Qazlal
Ru
Sif Muna
Trog
Uskayaw
Vehumet
Wu Jian
Xom
Yredelemnul
Zin
The Shining One
Beogh
Jiyva
Lugonu

Annotations:
D 1 transporter


Innate Abilities, Weirdness & Mutations

You cannot be hasted, slowed, berserked, paralysed or teleported.
You can dig through walls and to a lower floor.
Your four strong arms can wield two-handed weapons with a shield.
You have a pair of large antennae on your head. (SInv)


Message History

You take 14 damage, and have 67/105 hp.
Unknown command.
Unknown command.
You can feel time thicken for a moment.
You feel somewhat more hungry.
You are engulfed in blazing flames.
You resist. You block the red draconian's attack.
PTOANNNG!
You block the black draconian's attack.
PANG!
The yellow draconian hits you but does no damage.
You block the red draconian's attack.
GONNNNG!
The yellow draconian hits you but does no damage.
You take 6 damage, and have 61/105 hp.
You now have 20/25 mp.
Unknown command.
Unknown command.
Unknown command.
Unknown command.
Unknown command.
You can feel time thicken for a moment.
You feel somewhat more hungry.
You are engulfed in blazing flames.
You resist. The black draconian barely misses you.
You block the red draconian's attack.
BOUMMMMG!
You block the black draconian's attack.
GONNNNG!
You block the green draconian's attack.
GONNNNG!
You block the yellow draconian's attack.
PANG!
You block the red draconian's attack.
GONNNNG!
The purple draconian hits you with the +5 scimitar of Kindness {drain, rC+ Str+3}.
You partially resist.
You feel drained.
The yellow draconian rages.
The yellow draconian hits you but does no damage.
You take 5 damage, and have 56/105 hp.
You now have 15/25 mp.
Unknown command.
Unknown command.
Unknown command.
Unknown command.
You can feel time thicken for a moment.
You feel somewhat more hungry.
You are engulfed in blazing flames.
You resist. You block the black draconian's attack.
GONNNNG!
You block the white draconian's attack.
BONNNG!
The red draconian hits you from afar with a trident!
You block the black draconian's attack.
PANG!
You block the green draconian's attack.
PANG!
The yellow draconian hits you but does no damage.
The red draconian hits you but does no damage.
You take 7 damage, and have 49/105 hp.
You now have 10/25 mp.
You can feel time thicken for a moment.
You kill the yellow draconian!
Cheibriados thoroughly appreciates the change of pace.
Your life force feels restored.
You feel somewhat more hungry.
Cheibriados lowers the support of your attributes as your movement quickens.
You are engulfed in blazing flames.
You resist.
* * * LOW HITPOINT WARNING * * *
You block the purple draconian's attack.
SHROANNG!
The yellow draconian throws acid at you.
The glob of acid hits you! The acid corrodes you!
You are splashed with acid!
The acid burns!
* * * LOW HITPOINT WARNING * * *
You block the black draconian's attack.
GONNNNG!
The white draconian barely misses you. You block the black draconian's attack.
BOUMMMMG!
You block the red draconian's attack.
GONNNNG!
The green draconian hits you from afar with a glaive.
* * * LOW HITPOINT WARNING * * *
You take 21 damage, and have 28/105 hp.
You now have 5/25 mp.
Unknown command.
You can feel time thicken for a moment.
You kill the purple draconian!
Cheibriados appreciates the change of pace.
Cheibriados raises the support of your attributes as your movement slows.
Your Shields skill increases to level 15!
You kill the yellow draconian!
Cheibriados appreciates the change of pace.
Your Armour skill increases to level 14!
Your Invocations skill increases to level 19!
You kill the red draconian!
Cheibriados thoroughly appreciates the change of pace.
You kill the green draconian!
Cheibriados thoroughly appreciates the change of pace.
You feel somewhat more hungry.
You are engulfed in blazing flames.
You resist.
The yellow draconian throws acid at you.
The glob of acid hits you!
* * * LOW HITPOINT WARNING * * *
You are splashed with acid!
The acid burns!
* * * LOW HITPOINT WARNING * * *
The black draconian breathes lightning at you.
The bolt of lightning hits you! You resist.
You die...

▓.........▓.
▓....8©8....▓....©....▓.
▓...:}[.)...▓▓▓▓▓▓▓▓▓▓▓▓
▓...):|[}...▓...8©8...▓.
▓...........▓..|:).)..▓.
▓...........▓...).)...▓.
▓.....d).d..▓.........▓.
▓.....)d)...▓.......).▓.
..▓.dd@d▓..▓......)..▓.
▓.▓.d)▓.▓ ▓.........▓.
▓..▓.....▓..▓.▓.....▓.▓.
▓.....©.....▓....©....▓.
▓▓▓▓▓▓▓▓▓▓▓▓▓▓▓▓▓▓▓▓▓▓▓▓
▓...8©8...▓...8©8...▓...
▓..):|..:.▓..).|=:..▓...
▓..="..|..▓..[.|)[..▓...
▓.........▓.........▓..)


You could see 2 draconians, a yellow draconian, a green draconian, 2 draconians
and a white draconian.

Vanquished Creatures
  A green draconian (D)
  A red draconian (D)
  2 yellow draconians (D)
  A purple draconian (D)
  A green death (D)
  2 dancing weapons (D)
  A hell hog (D)
  A deep elf knight (D)
  A hell knight (D)
  2 large abominations (D)
  A glowing orange brain (D)
  A deep elf archer (D)
  4 deep elf magi (D)
  2 wolf spiders (D)
  2 smoke demons (D)
  4 merfolk (D)
  A jumping spider (D)
  A hippogriff (shapeshifter) (D)
  4 wraiths (D)
  A shadow (D)
  2 water elementals (D)
  A tarantella (D)
  2 fire elementals (D)
  3 hell hounds (D)
  An ice beast (D)
  3 scorpions (D)
  A wight (D)
  3 crimson imps (D)
  2 orc priests (D)
  An iron imp (D)
  3 orc wizards (D)
  A mummy (D)
  3 shadow imps (D)
  4 white imps (D)
  2 ufetubi (D)
  An adder zombie (D)
  2 adder skeletons (D)
  2 bat skeletons (D)
  A bat zombie (D)
  2 giant cockroach zombies (D)
  A jackal zombie (D)
  A leopard gecko skeleton (D)
  A leopard gecko zombie (D)
77 creatures vanquished.

Vanquished Creatures (others)
  An orc sorcerer (D)
  A bat skeleton (D)
  A bat zombie (D)
3 creatures vanquished.

Grand Total: 80 creatures vanquished

Notes
Turn   | Place    | Note
-------+----------+-------------------------------------------
     0 | D        | Found the +6 Majin-Bo {vamp, Archmagi MP+6 Int+6}
     0 | D        | Found the +7 great mace "Firestarter" {inner flame, rF++}
     0 | D        | Goblin1989 the Formicid Fighter began the quest for the Orb.
     0 | D        | Reached XP level 1. HP: 18/18 MP: 1/1
    17 | D        | Found a blossoming altar of Fedhas.
    18 | D        | Found a viscous altar of Jiyva.
    18 | D        | Found a hazy altar of Hepliaklqana.
    18 | D        | Found a transporter.
    18 | D        | Found an opulent altar of Gozag.
    18 | D        | Found an ancient bone altar of Kikubaaqudgha.
    18 | D        | Found a corrupted altar of Lugonu.
    29 | D        | Found a burning altar of Makhleb.
    30 | D        | Found a stormy altar of Qazlal.
    30 | D        | Found a sacrificial altar of Ru.
    30 | D        | Found an iron altar of Okawaru.
    30 | D        | Found a deep blue altar of Sif Muna.
    30 | D        | Found a sparkling altar of Nemelex Xobeh.
    30 | D        | Found a bloodstained altar of Trog.
    54 | D        | Found the +9 heavy crossbow "Sniper" {velocity, Acc+∞ SInv}
    54 | D        | Found the +10 dark maul {crush}
    54 | D        | Found the +15 Maxwell's patent armour {-Cast -Tele rElec MR+ rCorr}
    54 | D        | Found the +18 shield of the Gong {rElec rN+ MR+ EV-5}
    54 | D        | Found the cursed +14 obsidian axe {chop, +Fly SInv *Curse}
    58 | D        | Found the +6 shillelagh "Devastator" {shatter}
    58 | D        | Found the +11 plutonium sword {*Contam Stlth-}
    58 | D        | Found the +8 lance "Wyrmbane" {slay drac, rPois rF+ rC+ AC+3}
    58 | D        | Found the +9 sword of Zonguldrok {reap}
    58 | D        | Found the cursed +13 scythe of Curses {drain, *Curse}
    58 | D        | Found the +0 sword of Power
    58 | D        | Found the +10 mace of Variability {chaos}
    58 | D        | Found the +7 Singing Sword
    58 | D        | Found the +7 longbow "Piercer" {penet, EV-2}
   107 | D        | Became a worshipper of Cheibriados the Contemplative
   109 | D        | Reached skill level 5 in Armour
   109 | D        | Reached XP level 2. HP: 24/24 MP: 2/2
   119 | D        | Entered arena 2.
   119 | D        | Found a transporter.
   123 | D        | Reached skill level 2 in Invocations
   123 | D        | Reached XP level 3. HP: 30/30 MP: 2/4
   125 | D        | HP: 1/30 [orc priest/divine providence (15)]
   127 | D        | Reached skill level 3 in Invocations
   127 | D        | Reached XP level 4. HP: 2/37 MP: 2/6
   133 | D        | Entered arena 3.
   133 | D        | Found a transporter.
   136 | D        | Reached * piety under Cheibriados
   136 | D        | Reached skill level 4 in Invocations
   136 | D        | Reached ** piety under Cheibriados
   136 | D        | Reached skill level 5 in Invocations
   136 | D        | Reached XP level 5. HP: 34/43 MP: 3/8
   138 | D        | Reached skill level 5 in Fighting
   145 | D        | Got the +4 plate armour of the Greedy {Str+9 Int+3 Slay-4}
   152 | D        | Entered arena 4.
   152 | D        | Noticed a merfolk
   152 | D        | Noticed a merfolk
   152 | D        | Noticed a merfolk
   152 | D        | Noticed a merfolk
   152 | D        | Found a transporter.
   162 | D        | Killed a merfolk
   162 | D        | Reached *** piety under Cheibriados
   162 | D        | Reached skill level 5 in Axes
   162 | D        | Reached skill level 8 in Invocations
   162 | D        | Reached XP level 6. HP: 17/52 MP: 7/12
   164 | D        | Killed a merfolk
   164 | D        | Reached skill level 9 in Invocations
   164 | D        | Reached XP level 7. HP: 37/60 MP: 7/14
   165 | D        | Killed a merfolk
   165 | D        | Reached skill level 10 in Invocations
   165 | D        | Reached XP level 8. HP: 42/67 MP: 7/15
   167 | D        | Killed a merfolk
   167 | D        | Reached **** piety under Cheibriados
   167 | D        | Reached skill level 10 in Shields
   282 | D        | Entered arena 5.
   282 | D        | Found a transporter.
   284 | D        | Reached skill level 11 in Invocations
   285 | D        | Reached ***** piety under Cheibriados
   291 | D        | Got the +1 plate armour of the Foremost Tables {rElec rN+ Str+3 Int+2}
   293 | D        | Entered arena 6.
   293 | D        | Found a transporter.
   293 | D        | Noticed an orc sorcerer
   293 | D        | Noticed a fire elemental
   293 | D        | Noticed a dire flail of crushing
   293 | D        | Noticed a water elemental
   293 | D        | Noticed a deep elf knight
   297 | D        | Killed a fire elemental
   300 | D        | Killed a dire flail of crushing
   300 | D        | Reached skill level 10 in Armour
   300 | D        | Reached skill level 12 in Invocations
   300 | D        | Reached XP level 9. HP: 13/76 MP: 16/18
   300 | D        | HP: 3/76 [drowned by a water elemental (10)]
   302 | D        | Killed an orc sorcerer
   305 | D        | Reached ****** piety under Cheibriados
   305 | D        | Reached skill level 13 in Invocations
   310 | D        | Killed a deep elf knight
   310 | D        | Reached XP level 10. HP: 14/85 MP: 17/20
   596 | D        | Entered arena 7.
   597 | D        | Reached skill level 10 in Fighting
   597 | D        | Reached skill level 14 in Invocations
   598 | D        | Found a transporter.
   607 | D        | Entered arena 8.
   607 | D        | Noticed a smoke demon
   607 | D        | Noticed a glowing orange brain
   608 | D        | Found the +2 robe of Vines {NoPotionHeal Regen+7}
   608 | D        | Found a transporter.
   617 | D        | Killed a smoke demon
   620 | D        | Killed a glowing orange brain
   624 | D        | Got the cursed +1 scimitar of Suxkatun {slice, rF+ Int+4}
   626 | D        | Got the +4 rapier of Fortitude {pierce, +Inv rPois}
   719 | D        | Entered arena 9.
   719 | D        | Noticed a wolf spider
   719 | D        | Noticed a wolf spider
   720 | D        | Found the +8 Wrath of Trog {antimagic, *Rage}
   720 | D        | Found a transporter.
   721 | D        | Reached skill level 15 in Invocations
   722 | D        | Killed a wolf spider
   722 | D        | Reached skill level 10 in Axes
   723 | D        | Killed a wolf spider
   729 | D        | Got the +4 quarterstaff "Reliext" {flame, +Blink rElec}
   735 | D        | Got the +11 long sword "Goblin1989's Doom" {drain, *Corrode Str+8 Int-2}
   737 | D        | Got the cursed +2 flail of Disarray {crush, SInv Stlth+}
   742 | D        | Entered arena 10.
   742 | D        | Noticed a smoke demon
   742 | D        | Noticed a green death
   742 | D        | Noticed a large abomination
   742 | D        | Noticed a large abomination
   743 | D        | Found a transporter.
   747 | D        | Killed a smoke demon
   747 | D        | Reached XP level 11. HP: 93/93 MP: 11/22
   747 | D        | Killed a large abomination
   747 | D        | Reached skill level 16 in Invocations
   747 | D        | Killed a large abomination
   748 | D        | Killed a green death
   754 | D        | Got the +8 flail of Extremism {antimagic, +Inv Str+3}
   830 | D        | Entered arena 11.
   830 | D        | Noticed a deep elf mage
   830 | D        | Noticed a deep elf mage
   830 | D        | Noticed a deep elf mage
   830 | D        | Noticed a deep elf archer
   830 | D        | Noticed a hand axe of flaming
   830 | D        | Noticed a deep elf mage
   831 | D        | Found a transporter.
   832 | D        | Killed a hand axe of flaming
   833 | D        | Reached skill level 17 in Invocations
   836 | D        | Killed a deep elf mage
   836 | D        | Killed a deep elf archer
   836 | D        | Killed a deep elf mage
   836 | D        | Killed a deep elf mage
   836 | D        | Killed a deep elf mage
   842 | D        | Got the +9 hand crossbow "Feashaqu" {flame, rPois Str+3}
   846 | D        | Got the +5 broad axe of the Vanishing Beds {chop, Int+2 Dex+2}
   850 | D        | Got the cursed +2 arbalest of the Brain {venom, rElec rPois Str-2 Dex-5}
   985 | D        | Entered arena 12.
   988 | D        | Found a transporter.
  1001 | D        | Got the cursed +1 leather armour "Zaad Ipsi" {*Drain +Fly rF+++ Int-5}
  1010 | D        | Entered arena 13.
  1010 | D        | Noticed a hell knight
  1010 | D        | Noticed a hell hog
  1012 | D        | Found a transporter.
  1013 | D        | Reached skill level 18 in Invocations
  1013 | D        | Reached XP level 12. HP: 84/103 MP: 23/25
  1014 | D        | Killed a hell hog
  1014 | D        | Killed a hell knight
  1032 | D        | Got the ring of the Heron {Wiz +Fly rF+++ Int+3}
  1034 | D        | Got the +4 flail "Tehufe" {venom, rPois rF+ Dex+4}
  1048 | D        | Entered arena 14.
  1049 | D        | Noticed a purple draconian
  1049 | D        | Noticed a yellow draconian
  1049 | D        | Noticed a red draconian
  1049 | D        | Noticed a white draconian
  1049 | D        | Noticed a black draconian
  1050 | D        | Found the +3 hat of Pondering {ponderous, MR+ MP+10 Int+5}
  1050 | D        | Noticed a yellow draconian
  1050 | D        | Noticed a green draconian
  1050 | D        | Noticed a black draconian
  1050 | D        | Noticed a yellow draconian
  1050 | D        | Noticed a green draconian
  1050 | D        | Noticed a red draconian
  1050 | D        | Noticed a red draconian
  1051 | D        | Found a transporter.
  1055 | D        | Killed a yellow draconian
  1056 | D        | Killed a purple draconian
  1056 | D        | Reached skill level 15 in Shields
  1056 | D        | Killed a yellow draconian
  1056 | D        | Reached skill level 19 in Invocations
  1056 | D        | Killed a red draconian
  1056 | D        | Killed a green draconian
  1056 | D        | Killed from afar by a black draconian

Vault maps used:
D:        sprint_v

Skill      XL: |  1  2  3  4  5  6  7  8  9 10 11 12 |
---------------+-------------------------------------+-----
Armour         | 5 6 7 8 10 12 13 14 | 14.3
Dodging        | 3 |  3.6
Shields        | 6 7 8 9 11 13 14 15 | 15.5
Invocations    | 2 3 5 8 9 10 12 13 15 18 19 | 19.5
Fighting       | 4 6 7 9 11 12 13 | 13.7
Axes           | 3 5 6 8 9 10 11 12 | 12.7

Action                   |  1- 3 |  4- 6 |  7- 9 | 10-12 || total
-------------------------+-------+-------+-------+-------++-------
Melee: Broad axe         |     5 |    10 |    17 |    19 ||    51
Invok: Slouch            |       |       |       |    19 ||    19
  Use: Potion            |     3 |     4 |     5 |       ||    12
       Scroll            |       |       |       |     4 ||     4
  Eat: Ration            |       |       |       |     1 ||     1
Armor: Gold dragon scale |     1 |     3 |     6 |    20 ||    30
Dodge: Dodged            |       |     6 |     7 |     7 ||    20
Block: Shield            |     8 |    36 |    48 |    90 ||   182

Table legend:
 A = Spawn XP
 B = Non-spawn XP
 C = Spawn XP percentage of total XP
 D = Spawn monster count
 E = Non-spawn monster count
 F = Spawn count percentage of total count
 G = Total turns spent on level
                    A         B        C        D         E        F      G
               +---------+---------+-------+---------+---------+-------+---------
         Total |       0 |   23868 |   0.0 |       0 |      78 |   0.0 |  1056
               +---------+---------+-------+---------+---------+-------+---------
             D |       0 |   23868 |   0.0 |       0 |      78 |   0.0 |  1056
               +---------+---------+-------+---------+---------+-------+---------

Vault maps used:
D:        sprint_v
